 Dungeon Crawl Stone Soup version 0.31-a0-152-g6aa68a64a1 (webtiles) character file.

Game seed: 8798883820474691072

32 qw the Shooter (level 3, 0/21 HPs)
             Began as a Gargoyle Hunter on June 10, 2023.
             Slain by Pargi (6 damage)
             ... on level 4 of the Dungeon.
             The game lasted 00:00:17 (786 turns).

qw the Shooter (Gargoyle Hunter)                     Turns: 786, Time: 00:00:17

Health: 0/21       AC:  6    Str: 14    XL:     3   Next: 25%
Magic:  3/3        EV: 11    Int:  9    God:
Gold:   42         SH:  0    Dex: 15    Spells: 2/2 levels left

rFire   . . .        Y - +0 shortbow (freeze)
rCold   . . .        (shield currently unavailable)
rNeg    + . .        c - +0 leather armour
rPois   inf          (no helmet)
rElec   +            (no cloak)
rCorr   .            (no gloves)
SInv    .            (no boots)
Will    .....        (no amulet)
Stlth   ++           (no ring)
HPRegen 0.23/turn    (no ring)
MPRegen 0.08/turn

%: no passive effects
@: no status effects
A: sickness immunity, AC +3, negative energy resistance 1, electricity
resistance, torment resistance 1, petrification resistance
a: no special abilities


You were on level 4 of the Dungeon.
You visited 1 branch of the dungeon, and saw 3 of its levels.

You collected 42 gold pieces.


Innate Abilities, Weirdness & Mutations

You are immune to sickness and miasma.
Your stone body is resilient. (AC +3)
You are immune to poison.
You resist negative energy. (rN+)
You are resistant to electric shocks. (rElec)
You are resistant to unholy torment.
You are immune to petrification.


   Skills:
 + Level 2.2 Fighting
 - Level 5.0 Ranged Weapons
 - Level 1.5 Dodging
 - Level 1.1 Stealth


You had 2 spell levels left.
You didn't know any spells.
Your spell library was empty.

Inventory:

Hand Weapons
 Y - a +0 shortbow of freezing (weapon)
Armour
 c - a +0 leather armour (worn)
Potions
 e - a potion of ambrosia {unknown}
 g - a potion of resistance

Dungeon Overview and Level Annotations

Branches:
Dungeon (4/15)
 Temple: D:4-7

Altars:

Annotations:
D:4 Pargi


Message History

The hobgoblin closely misses you.
You shoot an arrow. The orc shouts!
The arrow hits the hobgoblin but does no damage.
The hobgoblin is almost dead.
You hear a shout!
An orc priest comes into view. It is wielding a +0 hand axe.
The hobgoblin closely misses you.
You shoot an arrow. The arrow hits the hobgoblin.
The arrow freezes the hobgoblin.
You kill the hobgoblin!
Pargi bites you. Pargi closely misses you. Pargi barely misses you.
You shoot an arrow.
The arrow hits Pargi but does no damage.
Pargi closely misses you. Pargi claws you but does no damage. Pargi misses you.
You shoot an arrow. The arrow hits Pargi.
The arrow freezes Pargi.
Pargi is lightly wounded.
Pargi completely misses you. Pargi claws you but does no damage. x2
You shoot an arrow. The arrow closely misses Pargi.
A kobold comes into view. It is wielding a +0 dagger.
Pargi barely misses you. Pargi closely misses you.
Pargi claws you but does no damage.
An orc comes into view. It is wielding a +0 whip.
Pargi bites you but does no damage. Pargi claws you but does no damage. x2
The orc barely misses you.
You shoot an arrow. The arrow completely misses Pargi.
The orc shouts!
You hear a shout! x2
The orc barely misses you. Pargi bites you. Pargi claws you but does no damage.
Pargi closely misses you.
An orc comes into view. It is wielding a +0 club.
You shoot an arrow. The arrow closely misses Pargi.
The orc priest looks braver for a moment.
The orc hits you with a +0 hand axe. Pargi closely misses you. Pargi claws you.
Pargi claws you but does no damage.
You shoot an arrow.
The arrow hits Pargi but does no damage.
Pargi is lightly wounded.
The orc hits you with a +0 hand axe. Pargi bites you.
You die...

#.. #####.. #.....
###.... ##.#...##
#.......##..
#...To.K....
#.#.@o.o.o.. #######
###.#..#.##...
##..#..####.#....####
#.......#...#........#
#..##.................
#####..................
##..........#...##..
##..###......#.### .
###....##........#


You could see Pargi, an orc priest, 3 orcs and a kobold.

Vanquished Creatures
  An adder (D:4)
  2 dart slugs (D:1)
  A ball python (D:1)
  An endoplasm (D:1)
  2 giant cockroaches (D:1)
  2 hobgoblins
  5 jackals (D:1)
  A bat (D:1)
  A frilled lizard (D:1)
  A rat (D:2)
17 creatures vanquished.

Notes
Turn   | Place    | Note
-------+----------+-------------------------------------------
     0 | D:1      | qw the Gargoyle Hunter began the quest for the Orb.
     0 | D:1      | Reached XP level 1. HP: 12/12 MP: 1/1
     0 | D:1      | 0 ||| qw: Version: 0.2-a-123-gb51047a
     0 | D:1      | 0 ||| qw: Game counter: 3801
     0 | D:1      | 0 ||| qw: Always use a shield: true
     0 | D:1      | 0 ||| qw: God list: Okawaru
     0 | D:1      | 0 ||| qw: Allow faded altars: false
     0 | D:1      | 0 ||| qw: Do Orc after D:15 true
     0 | D:1      | 0 ||| qw: Do second Lair branch before Depths: true
     0 | D:1      | 0 ||| qw: Lair rune preference: random
     0 | D:1      | 0 ||| qw: Plans: Normal, Zot:1-4, Slime:5, God:TSO, Crypt,
                  | Tomb, Abyss, Pan, Hells, Win
     0 | D:1      | 0 ||| PLANNING D:1-11
    60 | D:1      | Found a faded altar of an unknown god.
   128 | D:1      | Reached XP level 2. HP: 12/17 MP: 2/2
   667 | D:1      | 667 ||| READING scroll labelled XAEROO HOACS.
   668 | D:1      | 668 ||| READING scroll labelled PAMOEBLIAL.
   669 | D:1      | 669 ||| DRINKING 2 bubbling clear potions.
   670 | D:1      | 670 ||| DROPPING scroll of butterflies.
   740 | D:2      | You fall into a shaft and drop 2 floors!
   741 | D:4      | 741 ||| PLANNING SEWER
   752 | D:4      | Reached skill level 5 in Ranged Weapons
   752 | D:4      | Reached XP level 3. HP: 21/21 MP: 3/3
   774 | D:4      | Noticed Pargi
   786 | D:4      | Slain by Pargi

Levels and vault maps discovered:
D:1:      matt_arrival_refuge, layout_loops_cross,
          hellmonk_ecumenical_altar_blasted
D:2:      layout_basic, basic_altar, minmay_misc_feat_rugged,
          small_statue_intersection
D:4:      layout_cave_pools, portal_sewer_entry_c, uniq_pargi

Skill      XL: |  1  2 |
---------------+-------+-----
Ranged Weapons | 5 |  5.0
Fighting       | |  2.2
Dodging        | |  1.5
Stealth        | |  1.1

Action                     || total
---------------------------++-------
   Fire: Shortbow          ||    69
    Use: Scroll            ||     2
         Potion            ||     1
 Armour: Leather armour    ||    20
  Dodge: Dodged            ||    28

Table legend:
 A = Non-vault XP
 B = Vault XP
 C = Vault XP percentage of total XP
 D = Non-vault monster count
 E = Vault monster count
 F = Vault count percentage of total count
                 A         B        C        D         E       F
            +---------+---------+-------+---------+---------+-------
      Total |      46 |       0 |   0.0 |      17 |       0 |   0.0
            +---------+---------+-------+---------+---------+-------
        D:1 |      30 |       0 |   0.0 |      14 |       0 |   0.0
        D:2 |       1 |       0 |   0.0 |       1 |       0 |   0.0
        D:4 |      15 |       0 |   0.0 |       2 |       0 |   0.0
            +---------+---------+-------+---------+---------+-------
